 Dungeon Crawl Stone Soup version 0.21-a0-522-ga8338f0 (webtiles) character file.

13076 Gerstahl the Fighter (level 11, -7/92 HPs)
             Began as a Demonspawn Gladiator on Dec 7, 2017.
             Was a Believer of Ashenzari.
             Mangled by a black mamba (8 damage)
             ... on level 10 of the Dungeon.
             The game lasted 00:25:32 (14077 turns).

Gerstahl the Fighter (Demonspawn Gladiator)        Turns: 14077, Time: 00:25:32

Health: -7/92      AC: 13    Str: 17    XL:     11   Next: 70%
Magic:  16/16      EV: 18    Int: 12    God:    Ashenzari [**....]
Gold:   617        SH:  0    Dex: 19    Spells: 10/10 levels left

rFire    . . .     SeeInvis .   y - +3 war axe (venom) (curse)
rCold    . . .     Gourm    .   (no shield)
rNeg     . . .     Faith    .   e - +3 leather armour
rPois    .         Spirit   .   C - +2 helmet of Duck's Teeth {+Inv Int+2 Slay+3} (curse)
rElec    .         Reflect  .   (no cloak)
rCorr    +         Harm     .   I - +0 pair of gloves
MR       .....                  (no boots)
Stlth    +++.......             q - amulet of rage
HPRegen  0.25/turn              s - ring of resist corrosion
MPRegen  0.15/turn              z - +3 ring of protection

@: lethally poisoned (-7 -> -47)
A: claws 2, thin skeletal structure 2, nightstalker 1
a: Curse Item, Scrying, Renounce Religion, Evoke Berserk Rage, Evoke
Invisibility


You were on level 10 of the Dungeon.
You worshipped Ashenzari.
Ashenzari was pleased with you.
You were not hungry.

You visited 3 branches of the dungeon, and saw 14 of its levels.

You collected 883 gold pieces.
You spent 266 gold pieces at shops.

Inventory:

Hand Weapons
 y - a cursed +3 war axe of venom (weapon)
Armour
 b - a +0 leather armour
 c - a cursed +1 helmet
 e - a +3 leather armour (worn)
 C - the cursed +2 helmet of Duck's Teeth (worn) {+Inv Int+2 Slay+3}
   (You bought it in a shop on level 9 of the Dungeon)

   It affects your intelligence (+2).
   It affects your accuracy and damage with ranged weapons and melee attacks
   (+3).
   It lets you turn invisible.
   It has a curse placed upon it.
 I - a +0 pair of gloves (worn)
Jewellery
 d - an uncursed ring of poison resistance
 i - an uncursed ring of protection from magic
 q - an amulet of rage (around neck)
 r - the ring of Noylaero {*Tele MR+++ Slay-5 SInv Stlth-}
   (You found it on level 4 of the Dungeon)

   [ring of teleportation]

   It may teleport you next to monsters.
   It affects your accuracy and damage with ranged weapons and melee attacks
   (-5).
   It affects your resistance to hostile enchantments.
   It lets you see invisible.
   It makes you less stealthy.
 s - a ring of resist corrosion (left hand)
 z - a +3 ring of protection (right hand)
 B - an uncursed ring of fire
 N - an uncursed amulet of the gourmand
Wands
 p - a wand of enslavement (35)
 D - a wand of scattershot (1)
Scrolls
 g - 4 scrolls of teleportation {unknown}
 h - a scroll of enchant armour
 j - 15 scrolls of identify
 k - 3 scrolls of magic mapping
 m - 2 scrolls of torment {unknown}
 v - 2 scrolls of immolation
 G - a scroll of fog
 L - 2 scrolls of remove curse
 M - 3 scrolls of fear {unknown}
Potions
 a - a potion of magic
 A - 3 potions of brilliance {unknown}
 E - a potion of haste
 F - a potion of mutation {unknown}
 J - a potion of flight {unknown}
 K - a potion of heal wounds {unknown}
 O - a potion of lignification {unknown}
 Q - a potion of might
Books
 n - a book of Misfortune

   Spells                             Type                      Level
   a - Confusing Touch                Hexes                        1
   b - Confuse                        Hexes                        3
   c - Gell's Gravitas                Translocation                3
   d - Petrify                        Transmutation/Earth          4
   e - Metabolic Englaciation         Hexes/Ice                    5
   f - Yara's Violent Unravelling     Hexes/Transmutation          5
 t - a book of Enchantments

   Spells                             Type                      Level
   a - Cause Fear                     Hexes                        4
   b - Yara's Violent Unravelling     Hexes/Transmutation          5
   c - Silence                        Hexes/Air                    5
   d - Deflect Missiles               Charms/Air                   6
   e - Discord                        Hexes                        8
 w - a book of Minor Magic

   Spells                             Type                      Level
   a - Magic Dart                     Conjuration                  1
   b - Blink                          Translocation                2
   c - Call Imp                       Summoning                    2
   d - Slow                           Hexes                        2
   e - Conjure Flame                  Conjuration/Fire             3
   f - Mephitic Cloud                 Conjuration/Poison/Air       3
 P - a book of Changes

   Spells                             Type                      Level
   a - Beastly Appendage              Transmutation                1
   b - Sticks to Snakes               Transmutation                2
   c - Spider Form                    Transmutation/Poison         3
   d - Ice Form                       Ice/Transmutation            4
   e - Blade Hands                    Transmutation                5
Comestibles
 f - 12 bread rations
 l - 9 meat rations
 o - 9 fruits
 x - 13 royal jellies


   Skills:
 + Level 10.5 Fighting
 + Level 10.0(12.1) Axes
 - Level 1.7 Throwing
 + Level 3.3 Armour
 + Level 8.6 Dodging
 + Level 7.1 Evocations


You had 10 spell levels left.
You didn't know any spells.

Dungeon Overview and Level Annotations

Branches:
Dungeon (12/15)            Temple (1/1) D:4            Lair (1/6) D:10
    Orc (0/2) D:10

Altars:
Ashenzari
Cheibriados
Dithmenos
Elyvilon
Fedhas
Gozag
Hepliaklqana
Kikubaaqudgha
Makhleb
Nemelex Xobeh
Okawaru
Qazlal
Ru
Sif Muna
Trog
Uskayaw
Vehumet
Wu Jian
Xom
Yredelemnul
Zin
The Shining One

Shops:
D:9 [   D:12 [

Annotations:
D:3 exclusion: downstairs
D:4 Daviar's ghost, novice BaFi
D:5 esteth's ghost, novice HOMo
D:10 CasualChangeling's ghost, novice GnCK
D:11 Snorg


Innate Abilities, Weirdness & Mutations

You have very sharp fingernails.
You have a moderately thin skeletal structure. (Dex +4, Stealth+)
You are slightly more attuned to the shadows.


Message History

You feel very sick.
The black mamba completely misses you. x2
You hit the black mamba but do no damage.
The black mamba is heavily wounded.
* * * LOW HITPOINT WARNING * * *
You feel very sick.
The black mamba bites you but does no damage.
The black mamba bites you.
* * * LOW HITPOINT WARNING * * *
You hit the black mamba but do no damage.
The black mamba is heavily wounded.
* * * LOW HITPOINT WARNING * * *
You feel very sick. The black mamba barely misses you.
You slash the black mamba!
The black mamba is almost dead.
* * * LOW HITPOINT WARNING * * *
You feel very sick. The black mamba misses you. The black mamba bites you!
You die...

# #######.# #.# # #.......# #(# #
#.......# #.# ###.......# #.#
..'.......# #.# .##.......#
#.########### .######'#.#
#............ .######.#.# ###
#.###.###.### ..##......# #@# #.#
#.# #.# #.##....#.# #S# #.# #.#
#.# #..#......#
#S####.###.###.### ##.#....#.#
#....(............
##..###.#.##########.#.##.###.###
.......<.....W.....#.#...........
###.###.#.###......#.###...######
#..##.#.# #......'...'...'....#
##.##.#.# #.[....#.###...####.#


You could see a black mamba and a water moccasin.

Vanquished Creatures
  Pikel (D:9)
  A manticore (D:12)
  Maurice (D:12)
  A spiny frog (Lair:1)
  A komodo dragon (Lair:1)
  3 trolls
  A polar bear (Lair:1)
  4 hornets
  Prince Ribbit (D:8)
  5 blink frogs (Lair:1)
  11 yaks
  Sigmund (D:3)
  A wyvern (D:12)
  2 hungry ghosts
  3 soldier ants
  2 water moccasins
  A porcupine (Lair:1)
  3 orc warriors
  A slave (D:9)
  An ice beast (D:8)
  A black bear (D:4)
  2 phantoms (D:5)
  An eye of draining (shapeshifter) (D:12)
  A necrophage (D:5)
  8 ogres
  5 centaurs
  3 big kobolds (D:10)
  7 bullfrogs
  Blork the orc (D:4)
  6 scorpions
  9 killer bees
  7 howler monkeys
  6 crimson imps
  2 jellies
  3 bullfrog zombies
  5 hounds
  3 orc priests
  4 gnoll shamans
  8 orc wizards
  3 centaur skeletons
  Jessica (D:2)
  4 iguanas
  11 worker ants
  2 hound zombies
  A howler monkey zombie (D:9)
  A worker ant zombie (D:8)
  21 gnolls
  A howler monkey skeleton (D:10)
  12 adders
  A shadow imp (D:10)
  An adder skeleton (D:5)
  A worm (D:6)
  A dart slug (D:1)
  3 leopard geckos
  30 orcs
  10 bats
  2 giant cockroaches (D:2)
  6 goblins
  5 hobgoblins
  10 jackals
  A quokka (D:2)
  A ball python (D:3)
  5 frilled lizards
  A jackal skeleton (D:5)
  5 kobolds
  A leopard gecko zombie (D:6)
  6 rats
274 creatures vanquished.

Vanquished Creatures (others)
  A slave (D:9)
  An iguana (D:9)
  A worker ant (D:9)
  12 fungi
  9 plants
24 creatures vanquished.

Grand Total: 298 creatures vanquished

Notes
Turn   | Place    | Note
-------+----------+-------------------------------------------
     0 | D:1      | Gerstahl the Demonspawn Gladiator began the quest for the Orb.
     0 | D:1      | Reached XP level 1. HP: 16/16 MP: 1/1
    82 | D:1      | Gained mutation: You have a somewhat thin skeletal structure. (Dex +2, Stealth) [demonic ancestry]
    82 | D:1      | Reached XP level 2. HP: 14/23 MP: 2/2
   598 | D:2      | Noticed Jessica
   602 | D:2      | Killed Jessica
   602 | D:2      | Reached XP level 3. HP: 13/29 MP: 3/3
  1069 | D:2      | Gained mutation: You have sharp fingernails. [demonic ancestry]
  1069 | D:2      | Reached XP level 4. HP: 34/35 MP: 4/4
  2060 | D:3      | Noticed Sigmund
  2065 | D:3      | Killed Sigmund
  2065 | D:3      | Gained mutation: You have a moderately thin skeletal structure. (Dex +4, Stealth+) [demonic ancestry]
  2065 | D:3      | Reached XP level 5. HP: 28/43 MP: 5/5
  2466 | D:4      | Noticed an ogre
  2467 | D:4      | Gained mutation: You are slightly more attuned to the shadows. [demonic ancestry]
  2467 | D:4      | Reached XP level 6. HP: 31/49 MP: 6/6
  2487 | D:4      | Reached skill level 5 in Fighting
  2487 | D:4      | Reached skill level 5 in Axes
  2902 | D:4      | Reached XP level 7. HP: 35/56 MP: 7/7
  2915 | D:4      | Noticed Blork the orc
  2922 | D:4      | Killed Blork the orc
  3116 | D:4      | Noticed Daviar's ghost (novice BaFi)
  3388 | D:4      | Got a bound lapis lazuli ring
  3553 | D:4      | Found a staircase to the Ecumenical Temple.
  3650 | Temple   | Entered the Ecumenical Temple
  3878 | D:4      | Identified the ring of Noylaero {*Tele MR+++ Slay-5 SInv Stlth-} (You found it on level 4 of the Dungeon)
  4131 | D:5      | Entered Level 5 of the Dungeon
  4258 | D:5      | Reached XP level 8. HP: 7/65 MP: 8/8
  4749 | D:5      | Found a shattered altar of Ashenzari.
  4814 | D:5      | Became a worshipper of Ashenzari the Shackled
  4880 | D:5      | Found a hazy altar of Hepliaklqana.
  4922 | D:5      | Noticed esteth's ghost (novice HOMo)
  5374 | D:6      | Reached skill level 5 in Dodging
  5522 | D:6      | Gained mutation: You have very sharp fingernails. [demonic ancestry]
  5522 | D:6      | Reached XP level 9. HP: 72/74 MP: 9/9
  5644 | D:7      | Reached skill level 1 in Evocations
  6130 | D:7      | Found a glowing silver altar of Zin.
  6400 | D:7      | Found an ancient bone altar of Kikubaaqudgha.
  6651 | D:8      | Reached * piety under Ashenzari
  6704 | D:8      | Found an opulent altar of Gozag.
  6966 | D:8      | Noticed Prince Ribbit
  6982 | D:8      | Killed Prince Ribbit
  7088 | D:8      | Found a sparkling altar of Nemelex Xobeh.
  7992 | D:9      | Found a hide-covered altar of Uskayaw.
  8017 | D:9      | Noticed a troll
  8020 | D:9      | Noticed Pikel
  8022 | D:9      | Killed a troll
  8041 | D:9      | Killed Pikel
  8041 | D:9      | Reached XP level 10. HP: 51/82 MP: 11/13
  8226 | D:9      | Found Viconn's Antique Armour Shoppe.
  8237 | D:9      | Bought an encrusted helmet for 266 gold pieces
  8247 | D:9      | Identified the +2 helmet of Duck's Teeth {+Inv Int+2 Slay+3} (You bought it in a shop on level 9 of the Dungeon)
  8270 | D:9      | Found an ornate altar of the Wu Jian Council.
  8380 | D:9      | Found a shadowy altar of Dithmenos.
  8556 | D:9      | Found a blossoming altar of Fedhas.
  8938 | D:10     | Entered Level 10 of the Dungeon
  9184 | D:10     | Reached skill level 5 in Evocations
  9603 | D:10     | Noticed CasualChangeling's ghost (novice GnCK)
  9858 | D:10     | Found a staircase to the Orcish Mines.
 10427 | D:10     | Found a staircase to the Lair.
 11232 | D:11     | Reached ** piety under Ashenzari
 11265 | D:11     | Reached XP level 11. HP: 90/90 MP: 15/15
 11314 | D:11     | Reached skill level 10 in Fighting
 11639 | D:11     | Noticed Snorg
 11706 | D:11     | Paralysed by a hornet for 2 turns
 11881 | D:11     | Reached skill level 1 in Armour
 12988 | D:12     | Found Opnainis's Antique Armour Emporium.
 13311 | D:12     | Noticed an entropy weaver
 13312 | D:12     | Noticed a queen ant
 13443 | D:12     | Noticed Maurice
 13458 | D:12     | Killed Maurice
 13626 | Lair:1   | Entered Level 1 of the Lair of Beasts
 14002 | Lair:1   | Reached skill level 10 in Axes
 14076 | D:10     | HP: 4/92 [poisoned by a black mamba]
 14077 | D:10     | HP: 1/92 [poisoned by a black mamba]
 14077 | D:10     | Mangled by a black mamba

Vault maps used:
D:1:      minmay_arrival_radiant_lines, minmay_octomino_e4
D:2:      first_bread, grunt_ministairs_3, uniq_jessica
D:3:      uniq_sigmund
D:4:      black_bear_nest_1, temple_doors_ab, minmay_surrounded,
          uniq_blork_the_orc
D:5:      lemuel_doored_altar, overflow_temple_1_default, serial_aquarium,
          aquarium_bridge_long_separate, aquarium_window_corner,
          aquarium_window_corner, aquarium_view_2c, aquarium_view_2f,
          aquarium_balcony_3a, aquarium_pool_side
D:7:      kennysheep_little_box, zin_scriptorium
D:8:      nemelex_xobeh_ov_fountains_minmay,
          nicolae_gozag_cash_rules_everything_around_me, uniq_prince_ribbit1
D:9:      lemuel_round_altar, lemuel_round_altar,
          eat_drink_and_be_merry_uskayaw, marbit_many_paths, serial_shops,
          nicolae_shop_stone, hangedman_pestilent_swarm, uniq_pikel
D:10:     kennysheep_seaside_town, lair_entry_dummy, orc_0_dummy
D:11:     uniq_snorg
D:12:     serial_shops, kennysheep_mini_moat, minmay_another_anthill,
          uniq_maurice
Temple:   nicolae_temple_figure_eight
Lair:1:   cheibrodos_lair_lostbears, infiniplex_staircase_pool

Skill      XL: |  1  2  3  4  5  6  7  8  9 10 11 |
---------------+----------------------------------+-----
Axes           | 3 4 5 6 7 8 9 10 | 10.0
Fighting       | 3 4 5 6 7 8 9 10 | 10.5
Dodging        | 3 5 6 7 8 |  8.6
Evocations     | 4 5 7 |  7.1
Armour         | 3 |  3.3
Throwing       | |  1.7

Action                   |  1- 3 |  4- 6 |  7- 9 | 10-12 || total
-------------------------+-------+-------+-------+-------++-------
Melee: War axe           |    67 |   105 |   285 |   371 ||   828
Throw: Throwing net      |     1 |     1 |     3 |       ||     5
Invok: Curse Item        |       |       |     1 |     2 ||     3
Evoke: Wand              |       |       |       |     6 ||     6
  Use: Scroll            |       |     1 |     9 |     1 ||    11
       Potion            |       |       |     8 |     6 ||    14
 Stab: Held in net/web   |     2 |     1 |       |       ||     3
       Sleeping          |     2 |     6 |    11 |     7 ||    26
       Distracted        |       |       |     1 |     4 ||     5
  Eat: Chunk             |       |     6 |    13 |    14 ||    33
       Fruit             |       |       |     2 |       ||     2
       Royal jelly       |       |       |     3 |     3 ||     6
Armor: Leather armour    |    22 |    48 |    87 |   121 ||   278
Dodge: Dodged            |    43 |    92 |   217 |   294 ||   646

Table legend:
 A = Spawn XP
 B = Non-spawn XP
 C = Spawn XP percentage of total XP
 D = Spawn monster count
 E = Non-spawn monster count
 F = Spawn count percentage of total count
 G = Total turns spent on level
                    A         B        C        D         E        F      G
               +---------+---------+-------+---------+---------+-------+---------
         Total |       0 |   18680 |   0.0 |       0 |     273 |   0.0 | 14077
               +---------+---------+-------+---------+---------+-------+---------
           D:1 |       0 |      23 |   0.0 |       0 |      12 |   0.0 |   598
           D:2 |       0 |     105 |   0.0 |       0 |      25 |   0.0 |  1049
           D:3 |       0 |     248 |   0.0 |       0 |      14 |   0.0 |  1094
           D:4 |       0 |     649 |   0.0 |       0 |      14 |   0.0 |  1163
           D:5 |       0 |     996 |   0.0 |       0 |      28 |   0.0 |  1088
           D:6 |       0 |     845 |   0.0 |       0 |      30 |   0.0 |   404
           D:7 |       0 |     841 |   0.0 |       0 |      20 |   0.0 |  1007
           D:8 |       0 |    1213 |   0.0 |       0 |      23 |   0.0 |  1325
           D:9 |       0 |    2513 |   0.0 |       0 |      20 |   0.0 |  1368
          D:10 |       0 |    3190 |   0.0 |       0 |      39 |   0.0 |  1866
          D:11 |       0 |    1849 |   0.0 |       0 |      13 |   0.0 |  1484
          D:12 |       0 |    3526 |   0.0 |       0 |      24 |   0.0 |   967
        Lair:1 |       0 |    2682 |   0.0 |       0 |      11 |   0.0 |   437
               +---------+---------+-------+---------+---------+-------+---------
